 Dungeon Crawl Stone Soup version 0.28-a0-1152-g9c71ebef14 (webtiles) character file.

Game seed: 6490762773850437487

32 ytrimaz the Skirmisher (level 3, 1/29 HPs)
             Began as a Demonspawn Fighter on Dec 14, 2021.
             Quit the game on level 2 of the Dungeon.
             The game lasted 00:00:49 (1099 turns).

ytrimaz the Skirmisher (Demonspawn Fighter)         Turns: 1099, Time: 00:00:50

Health: 1/29       AC:  6    Str: 18    XL:     3   Next: 10%
Magic:  3/3        EV:  9    Int:  9    God:
Gold:   22         SH:  4    Dex: 12    Spells: 2/2 levels left

rFire   . . .      SeeInvis .   a - +0 war axe
rCold   . . .      Faith    .   c - +0 buckler
rNeg    . . .      Spirit   .   b - +0 scale mail
rPois   .          Reflect  .   (no helmet)
rElec   .          Harm     .   (no cloak)
rCorr   .          Rampage  .   (no gloves)
Will    .....                   (no boots)
Stlth   ..........              (no amulet)
HPRegen 0.09/turn               (no ring)
MPRegen 0.08/turn               (no ring)

@: lethally poisoned (1 -> -8)
A: powered by pain 1
a: no special abilities


You were on level 2 of the Dungeon.
You visited 1 branch of the dungeon, and saw 2 of its levels.

You collected 22 gold pieces.

Inventory:

Hand Weapons
 a - a +0 war axe (weapon)
Armour
 b - a +0 scale mail (worn)
 c - a +0 buckler (worn)
Potions
 d - a potion of might


   Skills:
 * Level 3.4 Fighting
 + Level 2.1 Axes
 * Level 3.1 Armour
 * Level 3.0 Shields


You had 2 spell levels left.
You didn't know any spells.
Your spell library contained the following spells:

 Spells                   Type           Power      Damage    Failure   Level
 Gell's Gravitas          Tloc           0%         N/A       99%         3
 Lesser Beckoning         Tloc           0%         N/A       99%         3
 Teleport Other           Tloc           0%         N/A       99%         3


Dungeon Overview and Level Annotations

Branches:
Dungeon (2/15)

Altars:


Innate Abilities, Weirdness & Mutations

You sometimes gain a little power by taking damage.


Message History

You miss the adder. You block the adder's attack. The adder bites you.
You are poisoned.
The adder poisons you!
You closely miss the adder.
You feel sick. The adder bites you.
You are more poisoned.
The adder poisons you! The adder bites you but does no damage.
You miss the adder.
You feel sick.
The adder bites you but does no damage. x2
You barely miss the adder.
You feel sick. The adder barely misses you.
The adder bites you but does no damage.
You miss the adder.
You feel sick.
The adder bites you but does no damage. x2
You closely miss the adder.
You feel sick. You block the adder's attack.
You are too injured to fight recklessly!
You are too injured to fight recklessly!
You are too injured to fight recklessly!
You are too injured to fight recklessly!
You barely miss the adder.
You feel sick.
You are no longer poisoned.
The adder bites you. x2
You are poisoned.
The adder poisons you!
You closely miss the adder.
You feel very sick. The adder bites you but does no damage.
The adder bites you.
* * * LOW HITPOINT WARNING * * *
You are lethally poisoned!
The adder poisons you!
You closely miss the adder.
* * * LOW HITPOINT WARNING * * *
You feel very sick. The adder bites you.
* * * LOW HITPOINT WARNING * * *
You are more poisoned.
The adder poisons you! The adder bites you but does no damage.
You closely miss the adder.
* * * LOW HITPOINT WARNING * * *
You feel very sick. The adder bites you but does no damage.
The adder closely misses you.
Unknown command.
Okay, then.
Are you sure you want to abandon this character and quit the game? (Confirm with "yes".)

.. ... .. ....
.. ....# ####.
..... ....
......#..
......#.# #####
.......<#......
.......@.....#
....#.#S#.##.#
.## #(#J...# #
#....# #....#
#....# ......
##.....


You could see an adder and an endoplasm.

Vanquished Creatures
  2 dart slugs (D:1)
  A ball python (D:1)
  2 giant cockroaches (D:1)
  4 hobgoblins (D:1)
  2 quokkas (D:1)
  4 bats (D:1)
  A frilled lizard (D:1)
  4 goblins (D:1)
  6 kobolds (D:1)
  A rat (D:1)
27 creatures vanquished.

Vanquished Creatures (others)
  9 plants (D:1)
9 creatures vanquished.

Grand Total: 36 creatures vanquished

Notes
Turn   | Place    | Note
-------+----------+-------------------------------------------
     0 | D:1      | ytrimaz the Demonspawn Fighter began the quest for the Orb.
     0 | D:1      | Reached XP level 1. HP: 18/18 MP: 1/1
    18 | D:1      | Found a faded altar of an unknown god.
   270 | D:1      | Gained mutation: You sometimes gain a little power by
                  | taking damage. [demonic ancestry]
   270 | D:1      | Reached XP level 2. HP: 24/24 MP: 2/2
   643 | D:1      | Reached XP level 3. HP: 29/29 MP: 3/3
  1098 | D:2      | HP: 1/29 [poisoned by an adder]
  1099 | D:2      | Quit the game

Illustrated notes

Levels and vault maps discovered:
D:1:      lightli_arrival_flooded_house, layout_basic,
          ebering_ecumenical_altar_webs
D:2:      layout_basic, serial_shops, nicolae_lakefront_shop, serial_undead,
          serial_undead_b, serial_undead_d, serial_undead_c, serial_undead_b,
          uniq_natasha

Skill      XL: |  1  2 |
---------------+-------+-----
Axes           | 2 |  2.1
Shields        | 3 |  3.0
Armour         | 3 |  3.1
Fighting       | |  3.4

Action                   || total
-------------------------++-------
Melee: War axe           ||    78
Armor: Scale mail        ||    42
Dodge: Dodged            ||    37
Block: Buckler           ||    18

Table legend: (Time is in decaauts)
 A = Elapsed time spent in this place.
 B = Non-inter-level travel time spent in this place.
 C = Inter-level travel time spent in this place.
 D = Time resting spent in this place.
 E = Time spent auto-exploring this place.
 F = Levels seen in this place.
 G = Mean time per level.
                   A        B        C        D        E       F      G
               +--------+--------+--------+--------+--------+-----+--------+
         Total |   1132 |   1093 |     39 |      0 |    902 |   2 |  566.0 |
       Dungeon |   1132 |   1093 |     39 |      0 |    902 |   2 |  566.0 |
               +--------+--------+--------+--------+--------+-----+--------+

Top non-repeatable levels by time:
     D:1: 1112 daAuts
     D:2: 19 daAuts
